Map: Dusk Towers

Players

Rhoust

  • Race: Protoss Protoss
  • League: Master

Miszu - Winner!

  • Race: Terran Terran
  • League: Master

VOD

Have the link to the VOD?

Description

Time

  • Played on: April 25, 2016, 3:34 p.m.
  • Length: 20:40
Show
View Real Time Build Order
Export as new Build Order

Rhoust Protoss 

Build Orders: 1 Gate Expand, Blink Stalkers 

Get SALT Encoding   

  12  0:01  Probe (Chrono Boost)  
  13  0:12  Probe (Chrono Boost)  
  14  0:17  Pylon  
  14  0:22  Probe (Chrono Boost)  
  15  0:36  Probe (Chrono Boost)  
  15  0:38  Gateway  
  16  0:42  Assimilator  
  16  0:46  Probe (Chrono Boost)  
  18  0:57  Probe (Chrono Boost)  
  18  1:07  Probe (Chrono Boost)  
  19  1:20  Nexus  
  19  1:32  Cybernetics Core  
  19  1:35  Probe (Chrono Boost)  
  20  1:42  Assimilator  
  20  1:45  Probe (Chrono Boost)  
  21  1:53  Pylon  
  21  1:56  Probe (Chrono Boost)  
  22  2:07  Probe (Chrono Boost)  
  23  2:09  Warp Gate  
  23  2:11  Stalker  
  25  2:21  Mothership Core (Chrono Boost)  
  27  2:37  Probe (Chrono Boost)  
  27  2:38  Twilight Council  
  27  2:39  Probe (Chrono Boost)  
  29  2:48  Probe (Chrono Boost)  
  29  2:49  Probe (Chrono Boost)  
  29  2:50  Stalker  
  34  2:58  Probe (Chrono Boost)  
  34  3:00  Probe (Chrono Boost)  
  35  3:08  Probe (Chrono Boost)  
  35  3:10  Gateway  
  35  3:11  Probe (Chrono Boost)  
  37  3:16  Blink (Chrono Boost)  
  37  3:17  Probe  
  38  3:23  Probe  
  38  3:25  Pylon  
  39  3:28  Probe  
  40  3:35  Probe  
  40  3:39  Probe  
  42  3:43  Robotics Facility  
  42  3:45  Gateway  
  42  3:49  Probe x2  
  42  3:53  Pylon  
  44  4:00  Probe  
  44  4:01  Probe  
  46  4:11  Probe  
  46  4:12  Nexus  
  46  4:15  Probe  
  48  4:19  Pylon  
  48  4:21  Pylon, Probe  
  49  4:27  Probe  
  49  4:31  Observer (Chrono Boost)  
  51  4:32  Probe  
  51  4:34  Assimilator x2  
  51  4:37  Stalker  
  54  4:40  Stalker  
  54  4:45  Probe x2  
  56  4:46  Pylon  
  56  4:50  Observer (Chrono Boost)  
  59  4:53  Stalker  
  59  4:55  Probe  
  62  5:03  Probe  
  62  5:06  Stalker x2, Probe  
  67  5:11  Pylon  
  67  5:12  Observer (Chrono Boost)  
  69  5:15  Probe  
  69  5:19  Probe  
  71  5:22  Forge, Probe  
  71  5:26  Sentry  
  71  5:27  Probe  
  75  5:30  Probe  
  75  5:31  Gateway x2  
  75  5:35  Probe  
  76  5:36  Observer (Chrono Boost)  
  76  5:39  Probe  
  79  5:44  Sentry x2  
  79  5:45  Probe  
  83  5:53  Probe  
  83  5:54  Probe  
  83  5:56  Immortal (Chrono Boost)  
  88  5:57  Protoss Ground Armor Level 1  
  88  6:02  Pylon  
  88  6:03  Pylon  
  88  6:04  Pylon x2  
  88  6:06  Adept, Probe x2  
  88  6:07  Probe  
  93  6:15  Zealot x2  
  93  6:17  Probe x2  
  98  6:20  Probe  
  98  6:22  Charge  
  100  6:26  Assimilator  
  100  6:27  Assimilator  
  100  6:29  Stalker  
  100  6:30  Stalker  
  104  6:40  Zealot x3  
  108  6:53  Zealot  
  110  7:01  Pylon  
  110  7:02  Pylon  
  110  7:06  Probe  
  111  7:09  Pylon, Probe x2  
  111  7:11  Templar Archives, Zealot x2  
  111  7:13  Gateway  
  111  7:15  Gateway  
  117  7:17  Gateway  
  117  7:18  Gateway  
  117  7:20  Gateway  
  117  7:31  Stalker x2  
  117  7:32  Stalker  
  123  7:43  Probe  
  123  7:45  Probe  
  123  7:49  Photon Cannon  
  125  7:54  Psionic Storm  
  125  7:57  High Templar x3  
  131  8:01  Photon Cannon  
  131  8:06  Pylon  
  125  8:14  Probe x2  
  125  8:15  Probe  
  119  8:25  Probe x2  
  119  8:26  Protoss Ground Armor Level 2  
  121  8:28  Probe  
  121  8:33  High Templar x2  
  126  8:34  Zealot  
  126  8:35  Zealot x3  
  126  8:40  Photon Cannon  
  134  9:00  Immortal (Chrono Boost)  
  138  9:03  Stargate  
  138  9:04  Probe  
  138  9:06  Zealot x2, Probe  
  138  9:07  Zealot x2  
  147  9:21  Photon Cannon x2  
  147  9:22  Nexus  
  147  9:24  Pylon  
  147  9:40  Immortal (Chrono Boost)  
  151  9:47  Photon Cannon  
  151  9:48  Photon Cannon  
  151  9:49  Zealot x3  
  151  9:50  Zealot x3  
  161  10:01  Fleet Beacon  
  161  10:03  Stargate  
  161  10:04  High Templar x2  
  165  10:08  Photon Cannon  
  165  10:09  Photon Cannon  
  165  10:12  Mothership Core  
  165  10:13  Pylon  
  167  10:19  Photon Cannon  
  167  10:20  Pylon  
  167  10:23  High Templar x2, Photon Cannon  
  167  10:24  Zealot x2  
  175  10:28  Archon  
  175  10:29  Zealot x2  
  175  10:36  Zealot x2  
  175  10:42  Protoss Ground Weapons Level 1  
  175  10:46  Assimilator  
  175  10:50  Assimilator  
  175  10:51  Pylon, Photon Cannon  
  175  10:56  Photon Cannon  
  175  11:01  Tempest x2 (Chrono Boost)  
  183  11:05  High Templar  
  183  11:07  High Templar  
  183  11:08  High Templar  
  189  11:12  Probe  
  189  11:13  Probe, Photon Cannon  
  189  11:14  Probe  
  189  11:15  High Templar x2  
  196  11:26  Robotics Facility  
  196  11:28  Robotics Bay  
  192  11:50  Tempest x2 (Chrono Boost)  
  198  12:13  Zealot  
  198  12:14  Zealot x4  
  183  12:23  Zealot x3  
  183  12:27  Tempest x2 (Chrono Boost)  
  179  12:35  Probe  
  179  12:36  Probe  
  179  12:38  Nexus, Warp Prism x2  
  179  12:39  Pylon  
  179  12:41  High Templar x2  
  177  12:59  High Templar x2  
  181  13:09  Photon Cannon  
  181  13:14  Observer, Tempest (Chrono Boost), Disruptor  
  181  13:15  Assimilator, Photon Cannon  
  181  13:18  Pylon  
  189  13:35  Disruptor  
  189  13:37  Protoss Ground Weapons Level 2  
  196  13:49  Disruptor  
  193  14:03  Adept x2  
  193  14:09  Nexus  
  197  14:11  Adept x2  
  189  14:21  Disruptor  
  192  14:25  Tempest (Chrono Boost), Disruptor  
  168  14:48  Tempest (Chrono Boost)  
  160  15:02  Tempest (Chrono Boost)  
  164  15:07  Nexus  
  164  15:14  Pylon  
  160  15:21  Pylon  
  160  15:25  High Templar x5  
  166  15:30  Assimilator  
  166  15:31  Archon x2, Assimilator  
  166  15:33  Pylon  
  166  15:34  Archon  
  166  15:44  Tempest (Chrono Boost)  
  170  15:50  Disruptor  
  170  15:55  Photon Cannon  
  171  16:23  Tempest (Chrono Boost)  
  168  16:35  Pylon  
  167  16:47  High Templar x2  
  171  16:54  Zealot  
  171  16:55  Zealot x5  
  176  17:17  Nexus  
  176  17:19  Pylon  
  164  17:25  Disruptor  
  164  17:27  High Templar x2  
  164  17:28  High Templar  
  173  17:45  Pylon  
  173  17:51  Dark Shrine  
  173  17:54  Adept x2  
  173  17:57  Assimilator  
  112  18:27  Zealot  
  112  18:28  Zealot x5  
  95  18:35  Archon  
  95  18:41  Zealot x2  
  64  18:50  Zealot x4  
  64  18:51  Zealot  
  74  19:01  Zealot x2  
  70  19:06  Zealot  
  70  19:07  Zealot  
  68  19:25  Dark Templar x3  
Show
View Real Time Build Order
Export as new Build Order

Miszu Terran - Winner!

Build Orders: Command Center First (CC), MMM Bio 

Get SALT Encoding   

  12  0:01  SCV  
  13  0:13  SCV  
  14  0:18  Supply Depot  
  14  0:25  SCV  
  15  0:39  SCV  
  16  0:51  SCV  
  17  1:00  Command Center  
  17  1:03  SCV  
  18  1:15  SCV  
  18  1:16  Barracks  
  19  1:28  SCV  
  19  1:30  Barracks  
  20  1:40  SCV  
  20  1:43  Barracks  
  21  1:52  SCV  
  22  2:04  Marine, Orbital Command  
  23  2:11  Orbital Command  
  23  2:18  Marine  
  23  2:22  Marine  
  25  2:29  Refinery, SCV  
  26  2:30  Refinery  
  26  2:32  Marine  
  26  2:36  Marine  
  28  2:38  SCV  
  28  2:40  Marine  
  28  2:42  SCV  
  31  2:47  Supply Depot  
  31  2:50  SCV  
  32  2:54  Marine, SCV  
  34  3:00  Marine, Barracks Tech Lab  
  34  3:02  SCV  
  36  3:06  SCV  
  36  3:10  Supply Depot  
  36  3:12  Marine  
  38  3:14  SCV  
  38  3:18  Marine, SCV  
  42  3:21  Stimpack  
  42  3:25  Marauder  
  42  3:26  SCV  
  44  3:30  SCV  
  44  3:31  Marine  
  46  3:36  Marine  
  46  3:38  Refinery, SCV  
  48  3:42  SCV  
  48  3:46  Supply Depot  
  49  3:48  Factory  
  49  3:50  SCV  
  49  3:52  Marine x2  
  49  3:54  SCV  
  53  3:57  Engineering Bay  
  53  4:01  Marine  
  54  4:05  Supply Depot  
  54  4:08  SCV x2  
  56  4:11  Supply Depot  
  56  4:15  Marine  
  56  4:16  Marauder  
  59  4:20  SCV x2  
  61  4:27  Terran Infantry Weapons Level 1  
  62  4:32  Starport, SCV x2, Factory Reactor  
  62  4:34  Barracks Reactor  
  62  4:35  Barracks Tech Lab  
  62  4:38  Marauder  
  65  4:40  Barracks  
  65  4:44  SCV  
  66  4:46  Barracks  
  66  4:49  SCV  
  66  4:52  Refinery  
  67  4:58  Marine, Missile Turret  
  68  5:00  Marauder, Missile Turret  
  68  5:03  Supply Depot  
  68  5:04  SCV  
  68  5:06  SCV  
  72  5:17  Marauder, Factory Reactor  
  72  5:18  Medivac x2  
  78  5:21  Combat Shields  
  78  5:24  Marine x2  
  78  5:26  Supply Depot  
  80  5:29  Supply Depot  
  80  5:31  Barracks Reactor  
  80  5:32  Barracks Tech Lab  
  80  5:39  Marine, Marauder  
  80  5:42  Marine  
  84  5:48  Medivac  
  86  5:57  Medivac, Widow Mine x2  
  88  6:01  Command Center  
  92  6:08  Marine  
  92  6:09  Marine, Marauder  
  96  6:13  Supply Depot  
  96  6:14  Supply Depot  
  96  6:20  Marine  
  96  6:21  Marine, Terran Infantry Armor Level 1  
  96  6:25  Widow Mine  
  98  6:30  Marauder  
  102  6:34  Marine, Widow Mine  
  102  6:35  Marauder  
  106  6:41  Marauder  
  106  6:45  SCV  
  106  6:46  Marine x3  
  112  6:52  Marauder  
  114  6:56  Marauder  
  114  6:59  Marine  
  117  7:07  Supply Depot  
  117  7:09  Medivac x2, Marauder  
  117  7:11  Marine x2  
  117  7:13  Marauder  
  117  7:15  Orbital Command  
  127  7:20  SCV x2  
  129  7:26  Marauder  
  129  7:28  Marine  
  129  7:29  Marine  
  133  7:32  SCV  
  133  7:33  SCV  
  135  7:39  Medivac x2  
  135  7:43  SCV  
  140  7:44  SCV  
  140  7:45  SCV  
  140  7:50  Marine x2, Marauder  
  140  7:51  Marauder  
  148  7:55  SCV  
  148  7:56  Refinery x2  
  148  7:57  Supply Depot  
  149  8:12  SCV  
  149  8:14  Marauder  
  149  8:19  Marine x2, Marauder, Widow Mine x2  
  157  8:31  Starport, Marauder  
  157  8:32  Fusion Core  
  157  8:33  Supply Depot  
  157  8:37  Engineering Bay, Armory  
  157  8:38  Liberator  
  157  8:43  Liberator  
  157  8:54  Widow Mine x2  
  157  8:55  Marine  
  165  9:00  Marine  
  165  9:01  Marauder, SCV x2  
  173  9:04  Supply Depot  
  173  9:05  Supply Depot  
  173  9:23  Starport Tech Lab  
  173  9:26  SCV x2  
  174  9:36  Liberator x2  
  174  9:37  Liberator  
  179  10:07  Advanced Ballistics  
  179  10:12  Barracks x2  
  179  10:13  Marine x2, Marauder x2  
  179  10:14  Barracks, Marauder  
  187  10:16  Command Center  
  187  10:18  Supply Depot  
  187  10:19  Liberator x3  
  187  10:25  Supply Depot x2  
  174  10:36  Marauder  
  180  10:45  Marine x4, Marauder x2  
  179  10:54  Terran Infantry Armor Level 2, Terran Infantry Weapons Level 2  
  179  10:57  Marauder  
  179  11:02  Liberator x3  
  179  11:03  Marine x3  
  184  11:04  Barracks Tech Lab  
  184  11:05  Barracks Tech Lab  
  184  11:06  Marauder  
  184  11:07  Barracks Tech Lab  
  186  11:18  SCV x3  
  189  11:21  Sensor Tower  
  189  11:25  Ghost Academy  
  198  11:43  Marauder  
  186  12:17  Viking x3, Ghost  
  180  12:40  Terran Ship Weapons Level 1  
  178  12:44  Planetary Fortress  
  178  12:47  Viking x3  
  183  12:53  Ghost x6  
  183  12:57  Refinery  
  187  12:59  Refinery  
  187  13:06  Starport  
  187  13:13  Terran Infantry Weapons Level 3  
  187  13:17  Viking x3  
  193  13:21  Ghost  
  195  13:36  Terran Infantry Armor Level 3  
  195  13:44  Starport Reactor, Missile Turret  
  195  13:47  Viking x2  
  199  13:48  Missile Turret x2  
  199  13:49  Missile Turret  
  199  13:52  Missile Turret x2  
  199  14:07  Missile Turret  
  199  14:08  Missile Turret  
  199  14:09  Marine, Marauder  
  200  14:10  Marauder  
  198  14:17  Viking  
  187  14:40  Viking, Marauder  
  187  14:42  Marine x3, Marauder  
  196  14:48  Viking x3  
  182  14:53  Marauder  
  173  15:00  Viking  
  173  15:02  Marine  
  173  15:03  Marauder x2  
  173  15:05  Marine, Marauder  
  173  15:06  Ghost  
  173  15:07  Ghost  
  183  15:10  Viking  
  183  15:11  Command Center  
  189  15:14  Marauder, Concussive Shells  
  189  15:18  Viking  
  192  15:24  Marauder  
  192  15:25  Ghost  
  192  15:26  Ghost  
  198  15:35  Ghost  
  200  15:43  Command Center  
  200  15:57  Terran Ship Weapons Level 2  
  192  16:29  Viking  
  192  16:30  Viking x4  
  190  16:46  Ghost  
  184  16:47  Ghost  
  186  16:55  SCV  
  186  16:59  Viking  
  186  17:00  Viking x4  
  182  17:16  Ghost  
  182  17:19  Marine  
  183  17:29  Viking  
  179  17:30  Viking x4  
  187  17:37  Marine  
  187  17:38  Marine x4, Marauder x3  
  198  17:48  Orbital Command  
  198  17:50  Planetary Fortress  
  198  17:59  Viking  
  150  18:24  Marine  
  150  18:25  Viking, Marine x8, Marauder  
  150  18:26  Viking x2  
  148  18:31  SCV  
  118  18:42  Marine  
  118  18:44  Marauder x5  
  118  18:46  Marauder  
  119  19:05  Marauder x4  
  125  19:13  Marine x3, Marauder  
  125  19:15  Medivac x2, Marauder  
  125  19:16  Medivac x3  
  128  19:19  Missile Turret  
  128  19:26  Marauder  
  130  19:32  Missile Turret  
  130  19:36  Orbital Command, Ghost x2  
  134  19:42  Ghost  
  136  19:46  Marauder x2  
  137  20:06  Missile Turret  
  136  20:11  Missile Turret  
Tags
 
Add a new tag
Caveats
  • Supply blocks, unpowered buildings, or Contaminate may cause inaccurate times.
  • Supply counts are checked every 10 seconds.